 Dungeon Crawl Stone Soup version 0.28-a0-533-g9f97627e2a (webtiles) character file.

Game seed: 12918175667111207172

31170 speeev33 the Blocker (level 13, -5/87 HPs)
             Began as a Gargoyle Fighter on Sept 26, 2021.
             Was a High Priest of Okawaru.
             Slain by Rupert (37 damage)
             ... on level 4 of the Lair of Beasts.
             The game lasted 00:29:19 (19525 turns).

speeev33 the Blocker (Gargoyle Fighter)            Turns: 19525, Time: 00:29:20

Health: -5/87      AC: 39    Str: 25    XL:     13   Next: 56%
Magic:  10/13      EV:  5    Int:  9    God:    Okawaru [*****.]
Gold:   688        SH: 21    Dex:  9    Spells: 12/12 levels left

rFire   + . .      SeeInvis +   x - +3 whip (elec)
rCold   . . .      Faith    .   O - +4 tower shield of Parts Unknown {Rampage *Slow Fly Stlth+}
rNeg    + . .      Spirit   .   F - +0 plate armour
rPois   ∞          Reflect  .   s - +0 helmet
rElec   +          Harm     .   p - +5 cloak "Wyitu" {rF+}
rCorr   +          Rampage  +   L - +2 pair of gloves "Zium" {Regen+}
Will    .....                   J - +1 pair of boots {Fly}
Stlth   ..........              (no amulet)
HPRegen 1.24/turn               H - ring of see invisible
MPRegen 0.13/turn               G - ring of resist corrosion

@: flying
A: sickness immunity, AC +9, negative energy resistance 1, electricity
resistance, torment resistance 1, petrification resistance
a: Renounce Religion, Heroism, Finesse, Duel


You were on level 4 of the Lair of Beasts.
You worshipped Okawaru.
Okawaru was extremely pleased with you.
You visited 3 branches of the dungeon, and saw 17 of its levels.
You also visited: Gauntlet.

You collected 872 gold pieces.
You spent 184 gold pieces at shops.

Inventory:

Hand Weapons
 x - a +3 whip of electrocution (weapon)
Missiles
 a - a throwing net (quivered)
Armour
 p - the +5 cloak "Wyitu" (worn) {rF+}
   (You found it in a Gauntlet)

   rF:        It protects you from fire.
 s - a +0 helmet (worn)
 F - a +0 plate armour (worn)
 J - a +1 pair of boots of flying (worn)
 L - the +2 pair of gloves "Zium" (worn) {Regen+}
   (You found it in a Gauntlet)

   Regen:     It increases your rate of health regeneration.
 O - the +4 tower shield of Parts Unknown (worn) {Rampage *Slow Fly Stlth+}
   (You found it in a Gauntlet)

   Fly:       It grants you flight.
   *Slow:     It may slow you when you take damage.
   Rampage:   It bestows one free step when moving towards enemies.
   Stlth:     It makes you more stealthy.
Jewellery
 c - a +6 ring of dexterity
 k - a +4 ring of evasion
 y - a ring of protection from fire
 A - a +6 ring of strength
 G - a ring of resist corrosion (right hand)
 H - a ring of see invisible (left hand)
 K - a ring of positive energy
 M - a ring of resist corrosion
Wands
 f - a wand of mindburst (6)
 m - a wand of polymorph (9)
 n - a wand of digging (3)
 t - a wand of acid (11)
 w - a wand of iceblast (52)
Scrolls
 j - 5 scrolls of identify
 q - 2 scrolls of fear
 r - 2 scrolls of magic mapping
 u - 2 scrolls of amnesia
 E - a scroll of silence
Potions
 b - 2 potions of mutation
 d - 4 potions of flight
 e - 3 potions of curing
 g - 4 potions of brilliance
 h - a potion of ambrosia
 i - a potion of lignification
 l - 4 potions of berserk rage
 o - a potion of cancellation
 v - 5 potions of heal wounds
 B - 5 potions of attraction
 D - 3 potions of resistance
Miscellaneous
 C - a phantom mirror


   Skills:
 + Level 12.5 Fighting
 + Level 11.3 Maces & Flails
 - Level 12.2 Armour
 * Level 14.4 Shields


You had 12 spell levels left.
You didn't know any spells.
Your spell library contained the following spells:

 Spells                   Type           Power      Damage    Failure   Level
 Beastly Appendage        Tmut           0%         N/A       100%        1
 Magic Dart               Conj           0%         1d3       100%        1
 Pain                     Necr           0%         1d4       100%        1
 Sting                    Tmut/Pois      0%         1d3       100%        1
 Scorch                   Fire           0%         2d5       100%        2
 Wereblood                Tmut           0%         N/A       100%        2
 Ignite Poison            Fire/Tmut/Pois 0%         N/A       100%        3
 Mephitic Cloud           Conj/Pois/Air  0%         N/A       100%        3
 Portal Projectile        Hex/Tloc       0%         N/A       100%        3
 Spider Form              Tmut/Pois      0%         N/A       100%        3
 Vampiric Draining        Necr           0%         2d6       100%        3
 Leda's Liquefaction      Hex/Erth       0%         N/A       100%        4
 Sticky Flame             Conj/Fire      0%         2d3       100%        4
 Lee's Rapid Deconstruct  Erth           0%         3d5*      100%        5
 Yara's Violent Unravell  Hex/Tmut       0%         3d3       100%        5
 Dragon Form              Tmut           0%         N/A       100%        7
 Ignition                 Fire           0%         3d3       100%        8
 Necromutation            Tmut/Necr      0%         N/A       100%        8
 Animate Skeleton         Necr           Unusable   N/A       N/A         1
 Call Imp                 Summ           Unusable   N/A       N/A         2
 Call Canine Familiar     Summ           Unusable   N/A       N/A         3
 Statue Form              Tmut/Erth      Unusable   N/A       N/A         6

Dungeon Overview and Level Annotations

Branches:
Dungeon (12/15)            Temple (1/1) D:7            Lair (4/6) D:10
  Snake (0/4) Lair:2          Orc (0/2) D:10        Gauntlet (visited)
  Swamp: Lair:2-4    Shoals: Lair:2-4

Altars:
Ashenzari
Cheibriados
Dithmenos
Elyvilon
Fedhas
Gozag
Hepliaklqana
Kikubaaqudgha
Makhleb
Okawaru
Qazlal
Ru
Sif Muna
Trog
Uskayaw
Vehumet
Wu Jian
Xom
Yredelemnul
Zin
The Shining One
Beogh
Lugonu

Shops:
D:7 !   D:11 :*[:

Annotations:
D:4 2 transporters, Menkaure
Lair:4 Rupert


Innate Abilities, Weirdness & Mutations

You are immune to sickness and miasma.
Your stone body is resilient. (AC +9)
You are immune to poison.
You resist negative energy. (rN+)
You are resistant to electric shocks. (rElec)
You are resistant to unholy torment.
You are immune to petrification.


Message History

Rupert hits you with a +1 great mace of protection!!
* * * LOW HITPOINT WARNING * * *
Unknown command.
You hit Rupert but do no damage.
Rupert is moderately wounded.
You feel less confused. Rupert hits you but does no damage.
Unknown command.
Okay, then.
You can't see any enemies this would affect, really read the scroll of fear?
Okay, then.
Unknown command.
You feel much better. You block Rupert's attack.
You feel much better. You block Rupert's attack. x2
You hit Rupert.
Rupert is moderately wounded.
Rupert hits you with a +1 great mace of protection.
You hit Rupert but do no damage. Lightning courses through Rupert!
Rupert is heavily wounded.
Rupert hits you with a +1 great mace of protection.
You closely miss Rupert.
Rupert is heavily wounded.
You block Rupert's attack.
You hit Rupert but do no damage. Lightning courses through Rupert!!
Rupert is heavily wounded.
You block Rupert's attack.
You hit Rupert.
Rupert is heavily wounded.
Rupert hits you with a +1 great mace of protection!
You hit Rupert but do no damage.
Rupert is heavily wounded.
Rupert hits you but does no damage.
You hit Rupert. Lightning courses through Rupert!
Rupert is severely wounded.
Rupert hits you but does no damage.
Rupert hits you with a +1 great mace of protection!!
You hit Rupert but do no damage.
Rupert is severely wounded.
Rupert hits you with a +1 great mace of protection!!!
You die...

#..........# .###
#..........# ..#.#
###.#..#...#
.....##...#.###..###
....#.......####...#
...#......#..# #.###
.##...♣.....## #.#
#.........#.# #@#
#........##..# #@#
..♣..#.#####.###.####
...........#..#.....#
...........+.##.##.##
♣.>.♣..♣...#.#### ##
.............#
...........###
..♣..###..##
#..†...####


You could see Rupert (berserk).

Vanquished Creatures
  A minotaur (Gauntlet)
  A hell beast (Gauntlet)
  A boulder beetle (D:11)
  2 hydras
  4 two-headed ogres
  A deep elf pyromancer (D:11)
  Pikel (D:8)
  An oklob plant (Gauntlet)
  4 elephants (Gauntlet)
  3 black mambas
  A torpor snail (Gauntlet)
  4 cane toads (Lair:1)
  Maggie (D:8)
  2 rime drakes
  4 komodo dragons
  4 trolls
  2 polar bears
  Grinder (D:3)
  Prince Ribbit (D:8)
  17 blink frogs
  Sigmund (D:3)
  2 shadows
  3 wyverns
  2 vampires
  2 spriggans (Lair:4)
  27 yaks
  2 basilisks
  Eustachio (D:4)
  Grum (D:11)
  2 steam dragons
  2 acid dragons (Gauntlet)
  3 nagas (Lair:2)
  8 water moccasins
  A hell hound (Gauntlet)
  3 orc warriors
  4 black bears
  An ice beast (D:7)
  A tengu (D:11)
  2 ogres
  24 wolves
  2 centaurs
  A lemure (D:8)
  2 kobold brigands
  2 phantoms
  A gnoll sergeant (D:5)
  A wyvern zombie (D:9)
  9 bullfrogs
  2 scorpions
  A wyvern skeleton (D:5)
  2 water moccasin skeletons
  2 electric eels (D:11)
  10 wights
  2 howler monkeys (D:10)
  Crazy Yiuf (D:2)
  5 centaur zombies
  3 hounds
  2 jellies
  4 orc priests
  A bullfrog skeleton (D:5)
  2 centaur skeletons
  3 iguanas
  Natasha (thrice) (D:3)
  4 orc wizards
  3 howler monkey zombies
  Robin (D:4)
  15 gnolls
  9 adders
  3 shadow imps
  A white imp (D:3)
  An ufetubus (D:5)
  2 adder skeletons (D:4)
  4 worms
  2 dart slugs
  19 orcs
  3 bats
  3 endoplasms
  6 giant cockroaches
  18 goblins
  7 hobgoblins
  7 jackals
  2 quokkas
  6 ball pythons
  5 frilled lizards
  7 kobolds
  5 rats
342 creatures vanquished.

Vanquished Creatures (others)
  An orc wizard (D:10)
  12 fungi
  29 plants
42 creatures vanquished.

Grand Total: 384 creatures vanquished

Notes
Turn   | Place    | Note
-------+----------+-------------------------------------------
     0 | D:1      | speeev33 the Gargoyle Fighter began the quest for the Orb.
     0 | D:1      | Reached XP level 1. HP: 14/14 MP: 1/1
   204 | D:1      | Reached XP level 2. HP: 19/19 MP: 2/2
   212 | D:1      | Found a faded altar of an unknown god.
   905 | D:1      | Reached XP level 3. HP: 19/23 MP: 3/3
  1555 | D:2      | Reached XP level 4. HP: 16/29 MP: 4/4
  1566 | D:2      | Reached skill level 4 in Shields
  2039 | D:2      | Found a runed translucent door.
  2040 | D:2      | Noticed Crazy Yiuf
  2589 | D:2      | Killed Crazy Yiuf
  2590 | D:2      | Reached XP level 5. HP: 25/34 MP: 2/5
  2723 | D:3      | Noticed Sigmund
  2732 | D:3      | Killed Sigmund
  2733 | D:3      | Reached skill level 5 in Fighting
  2733 | D:3      | Reached XP level 6. HP: 40/40 MP: 6/6
  2738 | D:3      | Reached skill level 5 in Armour
  2739 | D:3      | Noticed Natasha
  2752 | D:3      | Killed Natasha
  2753 | D:3      | Noticed Grinder
  2767 | D:3      | Paralysed by Grinder for 3 turns
  2772 | D:3      | Killed Grinder
  2773 | D:3      | Reached XP level 7. HP: 15/45 MP: 7/7
  3016 | D:3      | Found a white marble altar of Elyvilon.
  3073 | D:3      | Found a radiant altar of Vehumet.
  3076 | D:3      | Noticed Natasha
  3087 | D:3      | Killed Natasha
  3241 | D:3      | Found a glowing golden altar of the Shining One.
  3297 | D:3      | Found a bloodstained altar of Trog.
  3453 | D:3      | Noticed Natasha
  3460 | D:3      | Killed Natasha
  3993 | D:4      | Found a burning altar of Makhleb.
  4040 | D:4      | Noticed Robin
  4065 | D:4      | Reached skill level 5 in Maces & Flails
  4147 | D:4      | Killed Robin
  4292 | D:4      | Found a transporter.
  4293 | D:4      | Found a transporter.
  4307 | D:4      | Found an ancient bone altar of Kikubaaqudgha.
  4312 | D:4      | Noticed Menkaure
  4318 | D:4      | Found a basalt altar of Yredelemnul.
  4389 | D:4      | Noticed Eustachio
  4426 | D:4      | Killed Eustachio
  4427 | D:4      | Reached XP level 8. HP: 47/52 MP: 8/8
  4883 | D:5      | Entered Level 5 of the Dungeon
  5576 | D:5      | Found a broken altar of Ashenzari.
  5956 | D:6      | Reached XP level 9. HP: 36/58 MP: 9/9
  6523 | D:6      | Reached skill level 5 in Shields
  6729 | D:7      | HP: 2/60 [steam dragon/ball of steam (12)]
  7139 | D:7      | Reached skill level 6 in Shields
  7221 | D:7      | Found an opulent altar of Gozag.
  7316 | D:7      | Found a staircase to the Ecumenical Temple.
  7338 | Temple   | Entered the Ecumenical Temple
  7375 | Temple   | Became a worshipper of Warmaster Okawaru
  7423 | D:7      | Reached XP level 10. HP: 60/65 MP: 10/10
  7434 | D:7      | Reached skill level 7 in Shields
  7857 | D:7      | Found Vomaik's Distillery.
  7897 | D:7      | Found a stormy altar of Qazlal.
  8147 | D:8      | Noticed Maggie
  8166 | D:8      | Killed Maggie
  8166 | D:8      | Reached * piety under Okawaru
  8299 | D:8      | Found a shimmering blue altar of Sif Muna.
  8405 | D:8      | Noticed Pikel
  8418 | D:8      | Killed Pikel
  8419 | D:8      | Reached skill level 8 in Shields
  9012 | D:8      | Found a hazy altar of Hepliaklqana.
  9126 | D:8      | Noticed Prince Ribbit
  9138 | D:8      | Killed Prince Ribbit
  9563 | D:9      | Found a hide-covered altar of Uskayaw.
  9604 | D:8      | Reached ** piety under Okawaru
 10037 | D:9      | Reached skill level 9 in Shields
 10264 | D:8      | Reached XP level 11. HP: 72/72 MP: 11/11
 10373 | D:9      | Reached *** piety under Okawaru
 10519 | D:9      | Found an ornate altar of the Wu Jian Council.
 11045 | D:9      | Found a glowing silver altar of Zin.
 11074 | D:10     | Entered Level 10 of the Dungeon
 11084 | D:10     | Found a staircase to the Orcish Mines.
 11169 | D:10     | Reached skill level 10 in Fighting
 11316 | D:10     | Found a staircase to the Lair.
 11368 | D:10     | Noticed a two-headed ogre
 11381 | D:10     | Killed a two-headed ogre
 11381 | D:10     | Reached **** piety under Okawaru
 11382 | D:10     | Reached skill level 10 in Armour
 11406 | D:10     | Reached skill level 10 in Shields
 11951 | D:10     | Found a shimmering altar of Xom.
 12500 | D:11     | Noticed Maurice
 12501 | D:11     | Noticed Maurice
 12501 | D:11     | Maurice changed into Maurice the tengu
 12508 | D:11     | Killed Maurice the tengu
 12540 | D:11     | Found Cairer's General Store.
 12598 | D:11     | Noticed Grum
 12616 | D:11     | Killed Grum
 12730 | D:11     | Noticed a boulder beetle
 12758 | D:11     | Killed a boulder beetle
 12880 | D:11     | Found Qiushion's Armour Emporium.
 12890 | D:11     | Bought a +1 pair of gloves for 184 gold pieces
 12955 | D:11     | Found Geath's Book Shoppe.
 12970 | D:11     | Noticed a two-headed ogre
 12987 | D:11     | Killed a two-headed ogre
 13014 | D:11     | Noticed a two-headed ogre
 13032 | D:11     | Reached skill level 11 in Shields
 13054 | D:11     | Killed a two-headed ogre
 13054 | D:11     | Reached ***** piety under Okawaru
 13673 | D:11     | Noticed a two-headed ogre
 13689 | D:11     | Killed a two-headed ogre
 13690 | D:11     | Reached XP level 12. HP: 54/79 MP: 12/12
 13883 | D:11     | Found Secui's Book Shop.
 14176 | Lair:1   | Entered Level 1 of the Lair of Beasts
 14297 | Lair:1   | Received a gift from Okawaru
 14571 | Lair:1   | Reached skill level 10 in Maces & Flails
 14577 | Lair:1   | Reached skill level 12 in Shields
 15395 | Lair:1   | Received a gift from Okawaru
 15806 | Lair:2   | Found a staircase to the Snake Pit.
 16579 | Lair:2   | Noticed an eight-headed hydra
 16594 | Lair:2   | Killed an eight-headed hydra
 16603 | Lair:2   | Reached skill level 13 in Shields
 16954 | Lair:2   | Got Sif Muna's Tome of Fire
 17165 | Lair:2   | Reached XP level 13. HP: 76/85 MP: 13/13
 17385 | Lair:3   | Found a gate leading to a gauntlet.
 17405 | Gauntlet | Entered a Gauntlet
 17405 | Gauntlet | Found a transporter.
 17405 | Gauntlet | Found a transporter.
 17448 | Gauntlet | Found a transporter.
 17449 | Gauntlet | Found a transporter.
 17452 | Gauntlet | Found a transporter.
 17452 | Gauntlet | Found a transporter.
 17484 | Gauntlet | Found a transporter.
 17489 | Gauntlet | Found a transporter.
 17503 | Gauntlet | Found a transporter.
 17517 | Gauntlet | Found a runed translucent gate.
 17518 | Gauntlet | Found a transporter.
 17518 | Gauntlet | Found a runed translucent gate.
 17519 | Gauntlet | Found a runed translucent gate.
 17532 | Gauntlet | Found a transporter.
 17536 | Gauntlet | Found a transporter.
 17911 | Gauntlet | Found a runed translucent door.
 18115 | Gauntlet | Identified the +5 cloak "Wyitu" {rF+}
 18149 | Gauntlet | Noticed a minotaur
 18180 | Gauntlet | Killed a minotaur
 18190 | Gauntlet | Got Yvyxto's Catalogue of Shape Shifting
 18193 | Gauntlet | Identified the +2 pair of gloves "Zium" {Regen+}
 18194 | Gauntlet | Got the Compendium of Transmutation and Envenoming
 18197 | Gauntlet | Identified the +4 tower shield of Parts Unknown {Rampage
                  | *Slow Fly Stlth+}
 18368 | Lair:3   | Reached skill level 14 in Shields
 19366 | Lair:4   | Received a gift from Okawaru
 19468 | Lair:4   | Noticed Rupert
 19502 | Lair:4   | Paralysed by Rupert for 5 turns
 19525 | Lair:4   | Slain by Rupert

Illustrated notes

Levels and vault maps discovered:
D:1:      dpeg_arrival_line_fractal, layout_basic,
          hellmonk_ecumenical_altar_crossroads, skrybe_limestone_x,
          kennysheep_pointless_box, minmay_misc_feat_chi,
          chequers_serial_rivers_small_b, minmay_misc_feat_diagonals,
          minmay_misc_feat_iff, hex_medium
D:2:      layout_loops_corners, minmay_pentomino_w4, uniq_crazy_yiuf_cottage
D:3:      layout_loops_ring, elyvilon_altar_3, tso_altar,
          lightli_temple_of_fire, lemuel_round_altar, uniq_sigmund,
          uniq_grinder, uniq_natasha
D:4:      layout_rooms, gammafunk_temple_of_torment, lemuel_tele_altar,
          uniq_eustachio, uniq_robin
D:5:      layout_rooms, mainiacjoe_overflow_surrounded_room
D:6:      minmay_general_purpose_star, layout_basic
D:7:      layout_loops_ring, mainiacjoe_overflow_six_doors_small,
          nicolae_qazlal_style_of_elements, minmay_temple_entry_proselytizer,
          serial_shops, shop, grunt_ministairs_6,
          chequers_serial_rivers_micro_d, kennysheep_flooded_box,
          minmay_stone_trees_small
D:8:      layout_basic, kennysheep_orc_sif_temple, marbit_many_paths,
          serial_bayou, serial_bayou_lagoon_a, serial_bayou_pond_a,
          serial_bayou_pond_d, serial_bayou_shore_b, minmay_misc_feat_pillars,
          david_defended_altar_orc, uniq_maggie, uniq_prince_ribbit1, uniq_pikel
D:9:      wander_river, layout_loops_ring, lemuel_coloured_pillars_altar,
          mainiacjoe_overflow_concentric_impassable,
          nicolae_overflow_crystal_walls
D:10:     layout_loops_ring, lemuel_crystal_altar, dpeg_oklobed_lair,
          david_orc_2, hangedman_decor_diamond_cutter,
          minmay_misc_feat_four_crosses, serial_bayou_pond_b
D:11:     layout_loops_ring, serial_rivers, chequers_serial_rivers_room_b,
          chequers_serial_rivers_room_b, chequers_serial_rivers_micro_e,
          chequers_serial_rivers_small_b, serial_shops, nicolae_square_shop,
          shop, nicolae_shop_statue_plus, shop, kennysheep_crisscross,
          item_on_display_a, uniq_grum, uniq_maurice
D:12:     minmay_the_grid_square_5x5_4x4 [minmay_the_grid_square_5x5_minimal,
          minmay_the_grid_square_5x5_fancy_junction,
          minmay_the_grid_square_5x5_pentomino_r,
          minmay_the_grid_square_5x5_inner_z, minmay_the_grid_square_5x5_comb,
          minmay_the_grid_square_5x5_prize_pseudospiral,
          minmay_the_grid_square_5x5_prize_deathbox,
          minmay_the_grid_square_5x5_hourglass,
          minmay_the_grid_square_5x5_doubleslash,
          minmay_the_grid_square_5x5_prize_monsterx,
          minmay_the_grid_square_5x5_prize_rear_guard,
          minmay_the_grid_square_5x5_fat_x, minmay_the_grid_square_5x5_mess,
          minmay_the_grid_square_5x5_sharp_hourglass,
          minmay_the_grid_square_5x5_percent, minmay_the_grid_square_5x5_inset],
          layout_loops_ring, serial_shops, shop, minivault_23
Temple:   corrupted_temple
Lair:1:   layout_roguey, beast_lair_carwin_3, serial_bayou_shore_b
Lair:2:   layout_chaotic_city, guppyfry_snake_entry_island
Lair:3:   layout_loops_ring, gauntlet_entry_generic
Lair:4:   layout_cave_pods, elwin_shoals_entry_rooms, st_stairs_10,
          forest_entry_grove, grunt_megastairs_3, uniq_rupert

Skill      XL: |  1  2  3  4  5  6  7  8  9 10 11 12 13 |
---------------+----------------------------------------+-----
Fighting       | 4 5 6 7 8 9 10 11 12 | 12.5
Armour         | 4 5 6 7 8 9 10 11 12 | 12.2
Shields        | 4 6 9 11 13 14 | 14.4
Maces & Flails | 3 4 5 6 7 8 9 10 11 | 11.3

Action                   |  1- 3 |  4- 6 |  7- 9 | 10-12 | 13-15 || total
-------------------------+-------+-------+-------+-------+-------++-------
Melee: Flail             |   159 |    10 |       |       |       ||   169
       Whip              |       |    67 |   662 |   896 |   360 ||  1985
Throw: Throwing net      |       |     1 |     1 |       |       ||     2
Invok: Heroism           |       |       |       |     4 |     2 ||     6
       Finesse           |       |       |       |     2 |     2 ||     4
Evoke: Wand              |       |       |       |     1 |       ||     1
  Use: Scroll            |     3 |     1 |     2 |    17 |     3 ||    26
       Potion            |       |     1 |     4 |     4 |     3 ||    12
 Stab: Held in net/web   |       |       |     1 |       |       ||     1
Armor: Scale mail        |    69 |    21 |    63 |       |       ||   153
       Chain mail        |       |       |   244 |     4 |       ||   248
       Plate armour      |       |       |       |   449 |   154 ||   603
Dodge: Dodged            |   119 |    34 |   366 |   246 |    49 ||   814
Block: Buckler           |    39 |    11 |   146 |    66 |       ||   262
       Reflection        |       |       |     3 |     2 |       ||     5
       Kite shield       |       |       |       |   282 |    85 ||   367
       Tower shield      |       |       |       |       |   109 ||   109

Table legend: (Time is in decaauts)
 A = Elapsed time spent in this place.
 B = Non-inter-level travel time spent in this place.
 C = Inter-level travel time spent in this place.
 D = Time resting spent in this place.
 E = Time spent auto-exploring this place.
 F = Levels seen in this place.
 G = Mean time per level.
                   A        B        C        D        E       F      G
               +--------+--------+--------+--------+--------+-----+--------+
         Total |  19125 |  18475 |    650 |   4009 |  10165 |  18 | 1062.5 |
       Dungeon |  13989 |  13437 |    552 |   2848 |   7729 |  12 | 1165.8 |
        Temple |     53 |     38 |     15 |      0 |     24 |   1 |   53.0 |
          Lair |   4335 |   4252 |     83 |    911 |   2410 |   4 | 1083.8 |
      Gauntlet |    747 |    747 |      0 |    250 |      1 |   1 |  747.0 |
               +--------+--------+--------+--------+--------+-----+--------+

Top non-repeatable levels by time:
     D:8: 2046 daAuts
  Lair:1: 1875 daAuts
     D:2: 1602 daAuts
    D:11: 1553 daAuts
     D:9: 1324 daAuts
     D:1: 1226 daAuts
  Lair:2: 1171 daAuts
     D:3: 1169 daAuts
     D:6: 1139 daAuts
     D:7: 1103 daAuts
    D:10: 1090 daAuts
     D:4: 925 daAuts
  Lair:3: 808 daAuts
     D:5: 806 daAuts
Gauntlet: 747 daAuts
